 Dungeon Crawl Stone Soup version 0.27-a0-1105-g946c659c87 (webtiles) character file.

Game seed: 13368128958395093540

6295 1player the Fighter (level 10, -6/115 HPs)
             Began as an Ogre Delver on Apr 30, 2021.
             Was a Priest of Qazlal.
             Mangled by a meliai
             ... wielding a +0 hand axe
              (10 damage)
             ... on level 8 of the Dungeon.
             The game lasted 00:19:43 (11185 turns).

1player the Fighter (Ogre Delver)                  Turns: 11185, Time: 00:19:44

Health: -6/115     AC:  9    Str: 20    XL:     10   Next: 94%
Magic:  12/15      EV: 10    Int: 12    God:    Qazlal [***...]
Gold:   279        SH:  4    Dex: 10    Spells: 9/9 levels left

rFire    . . .     SeeInvis .   C - +2 quarterstaff (spect)
rCold    . . .     Faith    .   (shield currently unavailable)
rNeg     . . .     Spirit   .   j - +1 robe
rPois    +         Reflect  .   (helmet restricted)
rElec    .         Harm     .   H - +0 cloak {rPois}
rCorr    .         Rampage  .   (gloves unavailable)
Will     +....                  (boots unavailable)
Stlth    ++........             k - amulet of magic regeneration
HPRegen  0.29/turn              u - +4 ring of protection
MPRegen  0.39/turn              (no ring)

@: no status effects
A: large, unfitting armour, tough skin 1
a: Renounce Religion, Upheaval, Elemental Force


You were on level 8 of the Dungeon.
You worshipped Qazlal.
Qazlal was most pleased with you.
You visited 1 branch of the dungeon, and saw 8 of its levels.

You collected 399 gold pieces.
You spent 120 gold pieces at shops.

Inventory:

Hand Weapons
 a - a +0 quarterstaff
 b - a +1 long sword of electrocution
 o - a +3 quarterstaff of chaos
 x - a +0 spear
 B - a +0 quarterstaff
 C - a +2 spectral quarterstaff (weapon)
Missiles
 h - 23 poisoned darts (quivered)
 y - a curare-tipped dart
 I - a throwing net
Armour
 j - a +1 robe (worn)
 H - a +0 cloak of poison resistance (worn)
Jewellery
 k - an amulet of magic regeneration (around neck)
 u - a +4 ring of protection (left hand)
 z - an amulet of faith
Wands
 g - a wand of digging (3)
 G - a wand of mindburst (7)
Scrolls
 c - 2 scrolls of fog
 d - 3 scrolls of magic mapping
 l - a scroll of immolation
 q - 2 scrolls of enchant weapon
 A - a scroll of teleportation
 E - a scroll of amnesia
 J - a scroll of blinking
Potions
 f - a potion of haste
 n - a potion of invisibility {unknown}
 p - a potion of lignification {unknown}
 t - 2 potions of mutation {unknown}
 v - 2 potions of might {unknown}
 w - a potion of cancellation {unknown}
 F - a potion of berserk rage {unknown}


   Skills:
 - Level 12.2 Fighting
 - Level 2.0(5.5) Polearms
 + Level 8.3(8.4) Staves
 - Level 6.0 Throwing
 * Level 4.2 Dodging
 - Level 3.7 Stealth
 + Level 7.9 Invocations


You had 9 spell levels left.
You didn't know any spells.
Your spell library contained the following spells:

 Spells                   Type           Power      Damage    Failure   Level
 Beastly Appendage        Tmut           0%         N/A       32%         1
 Wereblood                Tmut           0%         N/A       45%         2
 Spider Form              Tmut/Pois      0%         N/A       69%         3
 Ice Form                 Ice/Tmut       0%         N/A       97%         4
 Hydra Form               Tmut           0%         N/A       100%        5


Dungeon Overview and Level Annotations

Branches:
Dungeon (8/15)             Temple (0/1) D:7
   Lair: D:8-11

Altars:
Dithmenos
Qazlal
Vehumet
Yredelemnul

Shops:
D:4 (

Annotations:
D:3 2 transporters
D:4 Edmund, Eustachio


Innate Abilities, Weirdness & Mutations

You are too large for most types of armour.
You have tough skin. (AC +1)


Message History

Okay, then.
Unknown command.
Okay, then.
You feel very sick.
The meliai invokes the aid of its god against you.
Something smites you!
You feel much better.
You feel very sick. The meliai hits you with a +0 hand axe!
The meliai completely misses you. The meliai hits you with a +0 hand axe.
The meliai completely misses you.
You hit the meliai.
The meliai is moderately wounded.
You feel very sick. The meliai hits you with a +0 hand axe.
You block the meliai's attack.
The meliai mumbles some strange prayers to its god against you.
Something smites you!
You barely miss the meliai.
The meliai is heavily wounded.
You feel sick. The meliai hits you with a +0 hand axe. The meliai stings you.
* * * LOW HITPOINT WARNING * * *
The meliai hits you with a +0 hand axe!
* * * LOW HITPOINT WARNING * * *
The meliai stings you but does no damage.
You feel better. The meliai hits you with a +0 hand axe!
* * * LOW HITPOINT WARNING * * *
You block the meliai's attack. The meliai completely misses you.
The meliai barely misses you.
Okay, then.
Okay, then.
Aiming: Mindburst
Press: ? - help, Shift-Dir - straight line, f/p - meliai
Aim: a meliai, wielding a +0 hand axe and wearing a +0 robe (heavily wounded, very poisoned, chance to affect: 65%)
The meliai's mind is blasted!
The meliai hits you with a +0 hand axe!
* * * LOW HITPOINT WARNING * * *
The meliai completely misses you. The meliai barely misses you.
The meliai stings you but does no damage.
You feel better. The meliai hits you with a +0 hand axe!
* * * LOW HITPOINT WARNING * * *
The meliai stings you!
You die...

####.# #...##.##...#.#.# .....#
#................ ####.##
#...##.##...#.#.# #.#.#
##.###.######.#'# # ##..#
#..##.######.... ## ##.###
##.##......>.... .## #.#.##
#.#.######.....
..###....##########....####......
..'.............@y((.)((..'......
..####....#########....####......
.## ##.#.# #.#.## ##..... ##
###.# #.### ##.... # #.# #.#
##... #.# ##.## ##)# #.# #...#
#.# #.# #...# #.# ####### #.#
####...#### ##.#


You could see a meliai (poisoned).

Vanquished Creatures
  Gastronok (D:8)
  A two-headed ogre (D:8)
  Erica (D:8)
  Maurice (D:8)
  2 meliai (D:8)
  A water moccasin (D:5)
  Duvessa (D:6)
  A black bear (D:3)
  2 ice beasts
  2 necrophages (D:7)
  2 ogres
  A centaur (D:8)
  A phantom (D:5)
  2 kobold brigands
  A gnoll sergeant (D:7)
  4 scorpions
  3 bullfrogs (D:8)
  A wyvern zombie (D:8)
  A water moccasin zombie (D:6)
  A water moccasin skeleton (D:5)
  Dowan (D:6)
  A howler monkey (D:6)
  A centaur zombie (D:8)
  5 hounds
  3 bullfrog skeletons
  A jelly (D:6)
  2 orc priests (D:5)
  A centaur skeleton (D:6)
  2 gnoll shamans
  Crazy Yiuf (D:4)
  Jessica (D:2)
  Terence (D:3)
  3 iguanas
  A hound skeleton (D:4)
  A howler monkey zombie (D:7)
  17 gnolls
  9 adders
  A white imp (D:6)
  A dart slug (D:4)
  23 orcs
  3 bats
  4 endoplasms
  3 giant cockroaches (D:2)
  4 goblins
  5 hobgoblins
  9 jackals
  A quokka (D:3)
  7 ball pythons
  2 frilled lizards (D:1)
  12 kobolds
  8 rats
164 creatures vanquished.

Notes
Turn   | Place    | Note
-------+----------+-------------------------------------------
     0 | D:5      | 1player the Ogre Delver began the quest for the Orb.
     0 | D:5      | Reached XP level 1. HP: 24/24 MP: 1/1
    50 | D:5      | Noticed a hound
    65 | D:5      | Noticed an orc priest
    65 | D:5      | Killed a hound
    66 | D:5      | Reached XP level 2. HP: 25/33 MP: 2/2
    66 | D:5      | Reached XP level 3. HP: 30/40 MP: 3/3
   216 | D:5      | Reached XP level 4. HP: 23/49 MP: 4/4
   429 | D:5      | Noticed a phantom
   642 | D:5      | Reached skill level 5 in Fighting
   824 | D:5      | Reached XP level 5. HP: 39/57 MP: 5/5
   935 | D:5      | Killed a phantom
  1228 | D:4      | Reached XP level 6. HP: 65/67 MP: 6/6
  1246 | D:4      | Noticed Edmund
  1265 | D:4      | Noticed Eustachio
  1278 | D:4      | Reached skill level 6 in Fighting
  1526 | D:4      | Found a basalt altar of Yredelemnul.
  1655 | D:4      | Reached skill level 5 in Throwing
  1702 | D:4      | Found a runed translucent door.
  1703 | D:4      | Noticed Crazy Yiuf
  1714 | D:4      | Killed Crazy Yiuf
  1756 | D:4      | Found Kuolov's Antique Weapon Shoppe.
  2199 | D:4      | Found a stormy altar of Qazlal.
  2207 | D:4      | Became a worshipper of Qazlal Stormbringer
  2663 | D:3      | Noticed Terence
  2674 | D:3      | Killed Terence
  2808 | D:3      | Noticed a black bear
  2826 | D:3      | Reached XP level 7. HP: 74/76 MP: 7/7
  3017 | D:3      | Reached skill level 7 in Fighting
  3093 | D:3      | Reached * piety under Qazlal
  3225 | D:3      | Found a radiant altar of Vehumet.
  3229 | D:3      | Found a transporter.
  3242 | D:3      | Found a transporter.
  3785 | D:2      | Found a faded altar of an unknown god.
  3826 | D:2      | Noticed Jessica
  3833 | D:2      | Killed Jessica
  3834 | D:2      | Reached skill level 1 in Staves
  5073 | D:5      | Reached ** piety under Qazlal
  5579 | D:5      | Reached skill level 8 in Fighting
  5792 | D:5      | Found a shadowy altar of Dithmenos.
  5978 | D:4      | Bought a quarterstaff for 120 gold pieces
  6126 | D:6      | Reached XP level 8. HP: 86/88 MP: 8/8
  6439 | D:6      | Reached skill level 9 in Fighting
  6635 | D:6      | Noticed Dowan
  6874 | D:6      | Noticed Duvessa
  6892 | D:6      | Killed Dowan
  6893 | D:6      | Reached skill level 1 in Invocations
  6964 | D:6      | Killed Duvessa
  7376 | D:6      | Reached skill level 5 in Staves
  7575 | D:6      | Reached skill level 10 in Fighting
  7575 | D:6      | Reached XP level 9. HP: 101/101 MP: 9/11
  9005 | D:7      | Found a staircase to the Ecumenical Temple.
  9177 | D:7      | Reached *** piety under Qazlal
  9351 | D:8      | Noticed Gastronok
  9359 | D:8      | Noticed a two-headed ogre
  9384 | D:8      | Killed Gastronok
  9385 | D:8      | Reached skill level 11 in Fighting
  9385 | D:8      | Reached XP level 10. HP: 99/115 MP: 12/14
  9386 | D:8      | Killed a two-headed ogre
  9387 | D:8      | Reached skill level 12 in Fighting
  9958 | D:8      | Noticed Erica
 10310 | D:8      | Noticed Maurice
 10322 | D:8      | Killed Maurice
 10738 | D:8      | Killed Erica
 11185 | D:8      | HP: 4/115 [meliai/+0 hand axe (16)]
 11185 | D:8      | Mangled by a meliai

Illustrated notes

Levels and vault maps discovered:
D:1:      wander_arrival_lonely_grave, layout_basic
D:2:      layout_rooms, ebering_ecumenical_altar_rust,
          kennysheep_generic_room_4, uniq_jessica
D:3:      layout_basic, gammafunk_temple_overflow_arena,
          kennysheep_generic_room_3, uniq_terence
D:4:      layout_basic, nicolae_qazlal_scattered_showers,
          lemuel_coloured_pillars_altar, serial_shops, kennysheep_mini,
          uniq_natasha, uniq_crazy_yiuf_cottage, uniq_sigmund, uniq_eustachio,
          uniq_edmund
D:5:      layout_basic, lemuel_doored_altar
D:6:      layout_basic, uniq_duvessa
D:7:      layout_cave_pods, temple_green
D:8:      layout_loops_corners, uniq_maurice, uniq_erica, uniq_gastronok

Skill      XL: |  1  2  3  4  5  6  7  8  9 10 |
---------------+-------------------------------+-----
Throwing       | 2 3 4 5 6 |  6.0
Fighting       | 5 6 8 10 11 12 | 12.2
Staves         | 2 5 7 8 |  8.3
Invocations    | 2 6 7 |  7.9
Dodging        | 4 |  4.2
Polearms       | |  2.0
Stealth        | |  3.7

Action                   |  1- 3 |  4- 6 |  7- 9 | 10-12 || total
-------------------------+-------+-------+-------+-------++-------
Melee: Spear             |     4 |       |       |       ||     4
       Long sword        |     2 |    89 |   173 |       ||   264
       Quarterstaff      |       |       |    92 |    69 ||   161
Throw: Dart              |     5 |    22 |    76 |    19 ||   122
Invok: Upheaval          |       |       |       |     2 ||     2
Evoke: Wand              |       |       |       |     1 ||     1
  Use: Scroll            |       |       |     8 |     2 ||    10
       Potion            |       |       |     1 |     6 ||     7
 Stab: Sleeping          |       |     6 |       |       ||     6
       Distracted        |       |       |     1 |       ||     1
Armor: Robe              |     2 |    28 |   112 |    21 ||   163
Dodge: Dodged            |     6 |    50 |   147 |    29 ||   232
Block: Other             |       |       |    28 |    13 ||    41
       Rpst.: Long sword |       |    15 |    27 |       ||    42

Table legend: (Time is in decaauts)
 A = Elapsed time spent in this place.
 B = Non-inter-level travel time spent in this place.
 C = Inter-level travel time spent in this place.
 D = Time resting spent in this place.
 E = Time spent auto-exploring this place.
 F = Levels seen in this place.
 G = Mean time per level.
                   A        B        C        D        E       F      G
               +--------+--------+--------+--------+--------+-----+--------+
         Total |  11247 |  10623 |    624 |   3828 |   4898 |   8 | 1405.9 |
       Dungeon |  11247 |  10623 |    624 |   3828 |   4898 |   8 | 1405.9 |
               +--------+--------+--------+--------+--------+-----+--------+

Top non-repeatable levels by time:
     D:5: 3039 daAuts
     D:8: 1984 daAuts
     D:4: 1535 daAuts
     D:7: 1219 daAuts
     D:6: 1055 daAuts
     D:3: 954 daAuts
     D:1: 844 daAuts
     D:2: 614 daAuts
